 Dungeon Crawl Stone Soup version 0.29-a0-998-g1987434951 (webtiles) character file.

Game seed: 6286964672255224374

1932 quixfox the Digger (level 9, -8/55 HPs)
             Began as a Gargoyle Earth Elementalist on Aug 6, 2022.
             Killed from afar by a gargoyle (21 damage)
             ... with a stone arrow
             ... on level 7 of the Dungeon.
             The game lasted 00:16:33 (5967 turns).

quixfox the Digger (Gargoyle Earth Elementalist)    Turns: 5967, Time: 00:16:33

Health: -8/55      AC: 12    Str: 12    XL:     9   Next: 17%
Magic:  11/17      EV: 11    Int: 20    God:
Gold:   303        SH:  0    Dex: 10    Spells: 13/19 levels left

rFire   . . .      SeeInvis .   h - staff of earth
rCold   . . .      Faith    .   (no shield)
rNeg    + . .      Spirit   .   a - +1 robe
rPois   ∞          Reflect  .   (no helmet)
rElec   +          Harm     .   (no cloak)
rCorr   .          Rampage  .   v - +0 pair of gloves
Will    +....                   f - +1 pair of boots
Stlth   ++........              (no amulet)
HPRegen 0.18/turn               d - ring of willpower
MPRegen 0.15/turn               (no ring)

@: no status effects
A: sickness immunity, AC +6, negative energy resistance 1, electricity
resistance, torment resistance 1, petrification resistance
a: no special abilities


You were on level 7 of the Dungeon.
You visited 1 branch of the dungeon, and saw 8 of its levels.

You collected 303 gold pieces.

Inventory:

Armour
 a - a +1 robe (worn)
 f - a +1 pair of boots (worn)
 v - a +0 pair of gloves (worn)
 w - the +3 leather armour of Disguise {rElec Will+}
   (You found it on level 5 of the Dungeon)

   rElec:     It insulates you from electricity.
   Will:      It increases your willpower.
Magical Staves
 h - a staff of earth (weapon)
Jewellery
 d - a ring of willpower (left hand)
Wands
 q - a wand of acid (7)
 r - a wand of polymorph (13)
Scrolls
 j - a scroll of brand weapon
 k - a scroll of silence {unknown}
 n - a scroll of fear
 t - a scroll of immolation {unknown}
 u - a scroll of amnesia
 y - a scroll of teleportation {unknown}
Potions
 b - a potion of magic
 c - 6 potions of curing
 e - 2 potions of flight
 g - 2 potions of lignification
 i - 3 potions of heal wounds
 l - a potion of berserk rage
 m - a potion of degeneration {unknown}
 o - a potion of brilliance {unknown}
 p - a potion of invisibility
 s - a potion of might {unknown}
 x - a potion of cancellation {unknown}


   Skills:
 + Level 5.7 Fighting
 + Level 3.0 Armour
 - Level 1.5 Dodging
 - Level 2.1 Stealth
 + Level 5.6 Spellcasting
 + Level 5.7 Conjurations
 - Level 0.7 Transmutations
 + Level 7.8 Earth Magic


You had 13 spell levels left.
You knew the following spells:

 Your Spells              Type           Power      Damage    Failure   Level
a - Sandblast             Erth           100%       2d20      1%          1
b - Passwall              Tmut/Erth      28%        N/A       2%          2
c - Stone Arrow           Conj/Erth      98%        3d13      1%          3

Your spell library contained the following spells:

 Spells                   Type           Power      Damage    Failure   Level
 Petrify                  Tmut/Erth      34%        N/A       19%         4
 Frozen Ramparts          Ice            10%        1d9       32%         3
 Ice Form                 Ice/Tmut       7%         N/A       67%         4
 Summon Ice Beast         Ice/Summ       5%         N/A       73%         4


Dungeon Overview and Level Annotations

Branches:
Dungeon (8/15)
 Temple: D:4-7         Lair: D:8-11

Altars:
Cheibriados
Gozag
Hepliaklqana
Makhleb
Nemelex Xobeh
Uskayaw
Zin

Shops:
D:1 (?[

Annotations:
D:6 1 runed translucent door, jlumianski's ghost, novice DsGl


Innate Abilities, Weirdness & Mutations

You are immune to sickness and miasma.
Your stone body is resilient. (AC +6)
You are immune to poison.
You resist negative energy. (rN+)
You are resistant to electric shocks. (rElec)
You are resistant to unholy torment.
You are immune to petrification.


Message History

* * * LOW HITPOINT WARNING * * *
The gargoyle hits you with a +0 mace!
* * * LOW HITPOINT WARNING * * *
You feel much better.
The gargoyle hurls a stone arrow at you.
The stone arrow hits you!
* * * LOW HITPOINT WARNING * * *
Aiming: Sandblast (safe; 1% risk of failure)
Press: ? - help, Q - select action, (/) - cycle Shift-Dir - straight line, f/p - gargoyle
Aim: a gargoyle, wielding a +0 mace (almost destroyed, 93% to hit)
You feel a surge of power!
The blast of sand hits the gargoyle but does no damage.
The gargoyle is almost destroyed.
The gargoyle hurls a stone arrow at you.
The stone arrow hits you.
* * * LOW HITPOINT WARNING * * *
The gargoyle hurls a stone arrow at you.
The stone arrow hits you.
* * * LOW HITPOINT WARNING * * *
You feel much better.
The gargoyle hurls a stone arrow at you.
The stone arrow hits you!
Aiming: Sandblast (safe; 1% risk of failure)
Press: ? - help, Q - select action, (/) - cycle Shift-Dir - straight line, f/p - gargoyle
Aim: a gargoyle, wielding a +0 mace (almost destroyed, 93% to hit)
You feel a surge of power!
The blast of sand hits the gargoyle.
The gargoyle is almost destroyed.
The gargoyle hits you with a +0 mace. The gargoyle completely misses you.
Aiming: Sandblast (safe; 1% risk of failure)
Press: ? - help, Q - select action, (/) - cycle Shift-Dir - straight line, f/p - gargoyle
Aim: a gargoyle, wielding a +0 mace (almost destroyed, 93% to hit)
You feel a surge of power!
The blast of sand hits the gargoyle but does no damage.
The gargoyle is almost destroyed.
The gargoyle hurls a stone arrow at you.
The stone arrow hits you!
* * * LOW HITPOINT WARNING * * *
The gargoyle hurls a stone arrow at you.
The stone arrow hits you!!
You die...

...#.........#......#
........##..........#
.....#####..........#
..#.. #...........##
.... #...##....#...##
..........#..........#
...
.................## ..
..................#
............@....##
............9...##
.........### ..#
.....#...# ###..#.#
.....#....
.#.....##.... #....#
........#### #....#
.........## .##.##
..........#


You could see a gargoyle.

Vanquished Creatures
  A hornet (D:8)
  Eustachio (D:4)
  A wyvern (D:8)
  A steam dragon (D:7)
  A water moccasin (D:8)
  2 black bears
  2 ogres
  A phantom (D:7)
  A scorpion (D:4)
  A necrophage (D:4)
  4 orc priests
  4 hounds
  2 jellies
  A gnoll bouda (D:3)
  3 iguanas
  5 orc wizards
  7 gnolls (D:3)
  5 adders
  An ufetubus (D:5)
  3 dart slugs
  11 orcs
  7 endoplasms
  3 giant cockroaches
  2 hobgoblins (D:4)
  5 jackals
  4 quokkas
  6 ball pythons
  5 bats
  A frilled lizard (D:3)
  9 goblins
  8 kobolds
  5 rats
113 creatures vanquished.

Notes
Turn   | Place    | Note
-------+----------+-------------------------------------------
     0 | D:1      | quixfox the Gargoyle Earth Elementalist began the quest for
                  | the Orb.
     0 | D:1      | Reached XP level 1. HP: 10/10 MP: 3/3
   293 | D:1      | Reached skill level 4 in Earth Magic
   293 | D:1      | Reached XP level 2. HP: 15/15 MP: 3/5
   480 | D:1      | Found Yjirun's Magic Scroll Shoppe.
   507 | D:1      | Found Lumnudgh's Armour Shop.
   637 | D:1      | Found Juaj's Weapon Shoppe.
   976 | D:2      | Reached XP level 3. HP: 16/19 MP: 3/6
   980 | D:2      | Learned a level 2 spell: Passwall
   984 | D:2      | Learned a level 3 spell: Stone Arrow
  1277 | D:2      | Found a faded altar of an unknown god.
  1930 | D:3      | Reached XP level 4. HP: 24/24 MP: 6/8
  2078 | D:3      | Found a hazy altar of Hepliaklqana.
  2104 | D:3      | Reached skill level 1 in Conjurations
  2274 | D:3      | Reached skill level 1 in Fighting
  2335 | D:3      | Found a snail-covered altar of Cheibriados.
  2399 | D:3      | Reached XP level 5. HP: 29/29 MP: 4/9
  2405 | D:3      | Reached skill level 5 in Earth Magic
  3303 | D:4      | Reached XP level 6. HP: 36/36 MP: 7/11
  3467 | D:4      | Found a hide-covered altar of Uskayaw.
  3513 | D:4      | Found an opulent altar of Gozag.
  3917 | D:4      | Reached XP level 7. HP: 41/41 MP: 9/12
  3964 | D:4      | Reached skill level 6 in Earth Magic
  4022 | D:4      | Noticed Eustachio
  4027 | D:4      | Killed Eustachio
  4345 | D:5      | Entered Level 5 of the Dungeon
  4484 | D:5      | Reached XP level 8. HP: 22/48 MP: 10/15
  4839 | D:5      | Found a glowing silver altar of Zin.
  5123 | D:5      | Found a burning altar of Makhleb.
  5125 | D:5      | Noticed a balrug
  5130 | D:5      | Identified the +3 leather armour of Disguise {rElec Will+}
  5400 | D:6      | Reached skill level 7 in Earth Magic
  5408 | D:6      | Found a runed translucent door.
  5411 | D:6      | Noticed jlumianski's ghost (novice DsGl)
  5422 | D:6      | Found a sparkling altar of Nemelex Xobeh.
  5435 | D:6      | Reached skill level 5 in Spellcasting
  5469 | D:6      | You fall into a shaft and drop 2 floors!
  5473 | D:8      | Noticed a wyvern
  5478 | D:8      | Reached skill level 1 in Armour
  5480 | D:8      | Noticed a hornet
  5491 | D:8      | Killed a hornet
  5492 | D:8      | Reached skill level 5 in Fighting
  5492 | D:8      | Reached skill level 5 in Conjurations
  5495 | D:8      | Killed a wyvern
  5711 | D:8      | Reached XP level 9. HP: 40/54 MP: 13/17
  5956 | D:7      | Noticed a gargoyle
  5962 | D:7      | HP: 1/55 [gargoyle/+0 mace (15)]
  5967 | D:7      | Killed from afar by a gargoyle

Illustrated notes

Levels and vault maps discovered:
D:1:      nagdon_arrival_double_spiral, layout_loops_ring, serial_shops, shop,
          shop, shop, minivault_4
D:2:      layout_basic, shapermc_ecumenical_altar_mp_ritualfount
D:3:      layout_basic, mainiacjoe_overflow_surrounded_room,
          kennysheep_slug_shrine
D:4:      layout_loops_corners, grunt_gozag_breadcrumbs,
          nicolae_uskayaw_dance_hall, minivault_4, grunt_ministairs_7,
          minivault_1, kennysheep_generic_room_7, uniq_eustachio
D:5:      layout_rooms, lemuel_round_altar, makhleb_altar_promises_db,
          saegor_snake_ambush
D:6:      layout_basic, nicolae_overflow_crystal_walls, tgw_sif,
          minmay_temple_entry_junction, ebering_ghost_sewer_d
D:7:      layout_cave_pools, nicolae_ashenzari_panopticon, fiery_altar_vehumet,
          serial_shops, nicolae_stop_n_shop_1, dreamdust_wishing_well,
          hangedman_glass_teeth
D:8:      layout_basic, nicolae_qazlal_style_of_elements, enter_bailey_3

Skill      XL: |  1  2  3  4  5  6  7  8  9 |
---------------+----------------------------+-----
Earth Magic    | 4 5 6 7 |  7.8
Conjurations   | 1 2 3 4 5 |  5.7
Fighting       | 1 2 3 4 5 |  5.7
Spellcasting   | 3 4 5 |  5.6
Armour         | 2 3 |  3.0
Dodging        | |  1.5
Stealth        | |  2.1
Transmutations | |  0.7

Action                   |  1- 3 |  4- 6 |  7- 9 || total
-------------------------+-------+-------+-------++-------
 Cast: Sandblast         |    48 |    57 |    76 ||   181
Evoke: Wand              |       |       |     1 ||     1
  Use: Scroll            |       |     9 |     6 ||    15
       Potion            |       |       |     2 ||     2
Armor: Robe              |     2 |    15 |    20 ||    37
Dodge: Dodged            |     6 |    32 |    26 ||    64

Table legend: (Time is in decaauts)
 A = Elapsed time spent in this place.
 B = Non-inter-level travel time spent in this place.
 C = Inter-level travel time spent in this place.
 D = Time resting spent in this place.
 E = Time spent auto-exploring this place.
 F = Levels seen in this place.
 G = Mean time per level.
                   A        B        C        D        E       F      G
               +--------+--------+--------+--------+--------+-----+--------+
         Total |   6162 |   5939 |    223 |   1140 |   3575 |   8 |  770.2 |
       Dungeon |   6162 |   5939 |    223 |   1140 |   3575 |   8 |  770.2 |
               +--------+--------+--------+--------+--------+-----+--------+

Top non-repeatable levels by time:
     D:3: 1515 daAuts
     D:4: 1265 daAuts
     D:1: 989 daAuts
     D:5: 930 daAuts
     D:2: 823 daAuts
     D:8: 337 daAuts
     D:7: 191 daAuts
     D:6: 109 daAuts
